Map: 프리온 단구

Players

llllllllllll (Scarlett) - Winner!

  • Race: Zerg Zerg
  • League: Grandmaster

llllllllllll

  • Race: Terran Terran
  • League: Grandmaster

VOD

Have the link to the VOD?

Description

Time

  • Played on: April 13, 2016, 9:27 a.m.
  • Length: 10:30
Show
View Real Time Build Order
Export as new Build Order

llllllllllll Zerg - Winner!

Build Orders: Pool First, Muta Ling Bane 

Get SALT Encoding   

  12  0:01  Drone  
  13  0:08  Drone  
  14  0:16  Overlord  
  14  0:22  Extractor  
  14  0:23  Drone  
  15  0:34  Drone  
  15  0:35  Drone  
  17  0:44  Spawning Pool  
  17  0:49  Drone  
  17  0:56  Drone  
  18  1:12  Hatchery  
  18  1:16  Extractor  
  16  1:18  Drone  
  17  1:29  Drone  
  17  1:30  Queen  
  17  1:32  Zergling x2  
  21  1:43  Overlord  
  21  1:50  Drone  
  22  2:05  Drone  
  22  2:06  Queen  
  25  2:17  Metabolic Boost  
  25  2:23  Drone x2  
  25  2:24  Queen  
  26  2:47  Drone  
  26  2:48  Drone x4  
  31  2:53  Overlord  
  31  3:04  Overlord  
  31  3:08  Overlord, Drone x2  
  33  3:13  Drone  
  34  3:22  Drone  
  34  3:23  Drone x7  
  34  3:26  Queen  
  43  3:28  Pneumatized Carapace  
  43  3:41  Hatchery  
  43  3:47  Extractor  
  43  3:48  Evolution Chamber  
  40  3:50  Drone x4  
  40  3:54  Zergling x6  
  47  4:02  Drone x5  
  52  4:15  Evolution Chamber, Extractor  
  52  4:16  Extractor  
  49  4:32  Zerg Ground Armor Level 1  
  49  4:34  Drone x6  
  55  4:40  Zerg Melee Weapons Level 1  
  55  4:44  Zergling x2  
  55  4:45  Zergling x8  
  59  4:55  Spore Crawler  
  59  4:57  Spore Crawler  
  59  4:58  Drone x6  
  59  4:59  Lair  
  63  5:09  Overlord x2  
  63  5:13  Baneling Nest  
  62  5:15  Zergling x2  
  62  5:16  Zergling x4  
  62  5:26  Zergling x6  
  61  5:42  Queen  
  63  5:43  Drone  
  63  5:44  Drone x9  
  73  5:55  Hatchery  
  72  5:57  Queen  
  72  5:59  Spire, Centrifical Hooks  
  73  6:04  Overseer  
  73  6:12  Extractor, Drone x3  
  73  6:13  Extractor, Drone x5  
  73  6:14  Overlord x2  
  73  6:15  Overlord  
  73  6:17  Baneling x3  
  73  6:18  Zergling x2  
  80  6:35  Drone x3  
  80  6:36  Drone x2  
  80  6:37  Zerg Melee Weapons Level 2  
  85  6:44  Hatchery  
  85  6:46  Zergling x12  
  85  6:47  Zergling x10  
  95  6:56  Overlord  
  95  6:57  Zergling x2  
  95  6:58  Zergling x2  
  97  7:01  Baneling  
  97  7:02  Baneling x8  
  97  7:08  Zergling x6  
  97  7:09  Zergling x6  
  103  7:17  Mutalisk x2  
  103  7:18  Mutalisk x6  
  103  7:19  Overseer  
  119  7:29  Overlord x4  
  119  7:30  Baneling x3  
  119  7:37  Baneling x2  
  119  7:40  Zergling x2  
  119  7:43  Overlord  
  119  7:44  Overlord  
  120  7:45  Zerg Ground Armor Level 2  
  120  7:49  Mutalisk x2  
  120  7:50  Zergling x2  
  120  7:51  Zergling x16  
  112  8:08  Zergling x2  
  112  8:09  Zergling x14  
  112  8:11  Baneling x7  
  118  8:13  Infestation Pit  
  118  8:15  Zerg Flyer Armor Level 1  
  118  8:19  Overlord x2  
  117  8:20  Drone x8  
  117  8:26  Zergling x2  
  117  8:27  Zergling x8  
  130  8:32  Zergling x6  
  130  8:34  Extractor  
  132  8:36  Zergling x6  
  132  8:37  Extractor  
  134  8:44  Overlord  
  134  8:47  Mutalisk x5  
  144  8:55  Hive  
  144  8:56  Zergling x10  
  147  9:03  Zergling x14  
  147  9:05  Baneling x5  
  153  9:15  Zergling x12  
  134  9:18  Zergling x10  
  134  9:21  Zergling x2  
  130  9:32  Zergling x2  
  130  9:33  Zergling x8  
  130  9:38  Zergling x12  
  135  9:45  Mutalisk x2  
  144  9:46  Baneling  
  144  9:47  Baneling x12  
  144  9:56  Zergling x2  
  144  9:57  Zergling x30  
  160  10:02  Zergling x6  
  163  10:07  Zergling x2  
  163  10:08  Zergling x2  
Show
View Real Time Build Order
Export as new Build Order

llllllllllll Terran 

Build Orders: Reaper Expand, MMM Bio 

Get SALT Encoding   

  12  0:04  SCV  
  13  0:16  SCV  
  13  0:19  Supply Depot  
  14  0:28  SCV  
  15  0:41  SCV  
  16  0:44  Barracks  
  16  0:45  Refinery  
  16  0:53  SCV  
  17  1:05  SCV  
  18  1:17  SCV  
  19  1:30  Orbital Command  
  19  1:31  Reaper  
  20  1:43  Command Center  
  20  1:50  Supply Depot  
  20  1:56  SCV  
  21  2:03  Marine  
  21  2:08  SCV  
  23  2:11  Factory  
  23  2:16  Refinery  
  23  2:20  SCV  
  24  2:25  Barracks Reactor  
  24  2:32  SCV  
  25  2:44  SCV  
  26  2:56  Starport, SCV, Orbital Command  
  27  3:02  Marine  
  27  3:03  Marine, Widow Mine  
  31  3:08  SCV  
  31  3:18  Bunker  
  31  3:20  SCV  
  31  3:23  Marine x2  
  31  3:25  SCV  
  35  3:33  SCV, Supply Depot  
  36  3:37  Factory Tech Lab, SCV  
  36  3:38  Medivac  
  36  3:41  Marine x2  
  40  3:45  SCV  
  42  3:49  SCV  
  42  3:53  Supply Depot  
  43  3:57  SCV  
  43  3:59  Marine x2, Siege Tank  
  43  4:01  SCV  
  50  4:09  SCV  
  51  4:13  Medivac  
  51  4:15  SCV  
  54  4:21  SCV  
  55  4:31  Marine  
  55  4:32  Marine  
  55  4:35  SCV x2  
  55  4:37  Command Center  
  59  4:39  Refinery x2  
  59  4:40  Supply Depot  
  59  4:47  SCV  
  61  4:58  SCV  
  61  4:59  SCV  
  62  5:01  Siege Tank  
  62  5:02  Barracks Tech Lab  
  62  5:04  Starport Reactor  
  62  5:05  Supply Depot  
  62  5:06  Barracks x2  
  65  5:11  SCV x2, Engineering Bay  
  65  5:12  Engineering Bay  
  64  5:23  SCV  
  64  5:27  Marine  
  61  5:34  Stimpack  
  61  5:35  SCV x2  
  60  5:38  Barracks  
  60  5:39  Barracks  
  60  5:41  Terran Infantry Armor Level 1, Terran Infantry Weapons Level 1  
  63  5:44  Supply Depot  
  63  5:45  Marine  
  61  5:51  Siege Tank  
  61  5:53  Marine x2  
  61  5:55  Starport Reactor  
  67  5:57  SCV, Orbital Command  
  67  5:59  Marine x2  
  67  6:02  SCV  
  68  6:11  Marine x3, Supply Depot  
  68  6:17  Marine x2  
  73  6:19  SCV x2  
  75  6:28  Orbital Command  
  75  6:29  Marine x3  
  75  6:30  Barracks Reactor x2  
  75  6:31  Refinery, SCV, Siege Tank  
  82  6:33  SCV  
  82  6:35  Marine, Refinery  
  82  6:36  Medivac x2  
  88  6:42  Marine  
  88  6:45  SCV  
  88  6:46  Supply Depot  
  90  6:47  Marine  
  90  6:48  Marine  
  90  6:49  Marine  
  93  6:55  SCV x2  
  93  6:56  Marine  
  93  6:59  SCV  
  97  7:02  Supply Depot  
  97  7:05  Armory  
  97  7:06  Marine x2  
  97  7:07  Marine, SCV  
  97  7:08  Marine  
  101  7:09  Marine, Factory  
  101  7:11  Marine  
  101  7:12  Marine  
  101  7:13  Marine  
  101  7:15  SCV  
  107  7:18  Siege Tank  
  107  7:20  Marine  
  111  7:24  Marine, SCV  
  111  7:25  Supply Depot  
  111  7:26  SCV  
  111  7:29  Marine  
  115  7:30  Marine  
  115  7:31  Marine x2, Supply Depot  
  115  7:32  Marine  
  115  7:35  Marine x2  
  121  7:38  Marine, Combat Shields  
  121  7:42  Marine  
  123  7:48  Marine  
  123  7:49  Marine x2  
  126  7:51  Medivac x2  
  126  7:53  Marine  
  126  7:57  Marine  
  135  8:00  Marine  
  135  8:03  Marine  
  135  8:04  Marine  
  107  8:09  Marine  
  107  8:10  Marine  
  104  8:14  Factory Tech Lab  
  104  8:15  Thor  
  104  8:18  Supply Depot, SCV x2  
  104  8:19  Marine x3, Missile Turret  
  114  8:20  Marauder  
  114  8:25  Marine x3  
  118  8:27  SCV  
  118  8:29  Marine  
  118  8:30  Missile Turret  
  118  8:32  Marine  
  118  8:34  Liberator  
  120  8:35  Liberator  
  120  8:36  Marine, Siege Tank  
  120  8:37  Marine  
  120  8:39  Marine  
  120  8:40  Marine  
  127  8:43  Supply Depot  
  127  8:44  Marine x2  
  127  8:46  Marine  
  136  8:55  Marine x2  
  136  8:59  Marine  
  139  9:03  Marine x2  
  139  9:04  Marine  
  139  9:05  Marine  
  139  9:07  Marine  
  139  9:08  Marine  
  144  9:13  Marine x2  
  144  9:16  Marine  
  122  9:19  Liberator x2  
  122  9:20  Thor  
  122  9:21  Marine x2  
  122  9:22  Marine  
  122  9:23  Marine  
  119  9:25  Marine  
  119  9:30  Marine  
  119  9:31  Marine  
  104  9:38  Thor  
  108  9:42  Marine  
  108  9:43  Marine  
  108  9:44  Marine  
  108  9:45  Marine  
  118  9:46  Marine  
  118  9:51  Marine x3  
  122  9:57  Marine  
  122  9:59  Marine  
  123  10:01  Marine  
  123  10:02  Marine, Supply Depot  
  123  10:05  Marine  
Tags
 
Add a new tag
Caveats
  • Supply blocks, unpowered buildings, or Contaminate may cause inaccurate times.
  • Supply counts are checked every 10 seconds.